 Dungeon Crawl Stone Soup version 0.25-b1-37-g2669288c55 (webtiles) character file.

Game seed: 4391732321774482793

200 grindst0ne the Chopper (level 5, 0/42 HPs)
             Began as a Demonspawn Gladiator on June 4, 2020.
             Killed from afar by an orc wizard (2 damage)
             ... with a magic dart
             ... on level 4 of the Dungeon.
             The game lasted 00:04:01 (4607 turns).

grindst0ne the Chopper (Demonspawn Gladiator)       Turns: 4607, Time: 00:04:02

Health: 0/42       AC:  8    Str: 14    XL:     5   Next: 49%
Magic:  5/5        EV: 13    Int: 11    God:
Gold:   245        SH:  0    Dex: 14    Spells: 4/4 levels left

rFire    . . .     SeeInvis .   a - +0 war axe
rCold    . . .     Gourm    .   (no shield)
rNeg     + . .     Faith    .   n - +2 ring mail {rPois}
rPois    +         Spirit   .   c - +0 helmet
rElec    .         Reflect  .   (no cloak)
rCorr    .         Harm     .   (no gloves)
MR       .....                  (no boots)
Stlth    +.........             (no amulet)
HPRegen  0.14/turn              e - ring of positive energy
MPRegen  0.09/turn              (no ring)

@: no status effects
A: repulsion field 1
a: no special abilities


You were on level 4 of the Dungeon.
You were very hungry.

You visited 1 branch of the dungeon, and saw 4 of its levels.

You collected 245 gold pieces.

Inventory:

Hand Weapons
 a - a +0 war axe (weapon)
Missiles
 d - 3 throwing nets (quivered)
Armour
 c - a +0 helmet (worn)
 n - a +2 ring mail of poison resistance (worn)
 s - a +0 tower shield
Jewellery
 e - a ring of positive energy (left hand)
Scrolls
 j - 2 scrolls of identify {unknown}
 k - a scroll of remove curse {unknown}
 l - a scroll of teleportation {unknown}
 q - a scroll of fog {unknown}
 r - a scroll of fear {unknown}
 t - a scroll of enchant armour {unknown}
 u - a scroll of magic mapping {unknown}
Potions
 b - a potion of might {unknown}
 g - a potion of degeneration {unknown}
 h - a potion of cancellation {unknown}
 i - 3 potions of flight {unknown}
 m - 2 potions of curing {unknown}
 o - a potion of ambrosia {unknown}
 p - a potion of haste {unknown}
Comestibles
 f - 10 rations


   Skills:
 + Level 4.3 Fighting
 + Level 4.4 Axes
 - Level 1.7 Throwing
 - Level 2.6 Dodging


You had 4 spell levels left.
You didn't know any spells.
Your spell library contained the following spells:

 Spells                   Type           Power        Failure   Level  Hunger
 Animate Skeleton         Necr           N/A          58%         1    ##.....
 Apportation              Tloc           #.....       58%         1    ##.....
 Corona                   Hex            #......      58%         1    ##.....
 Summon Small Mammal      Summ           #...         58%         1    ##.....


Dungeon Overview and Level Annotations

Branches:
Dungeon (4/15)
 Temple: D:4-7

Altars:
Elyvilon


Innate Abilities, Weirdness & Mutations

You are surrounded by a mild repulsion field. (EV +2)


Message History

You are too injured to fight recklessly!
You are too injured to fight recklessly!
You are too injured to fight recklessly!
You are too injured to fight recklessly!
You are too injured to fight recklessly!
You are too injured to fight recklessly!
You are too injured to fight recklessly!
You are too injured to fight recklessly!
You are too injured to fight recklessly!
You are too injured to fight recklessly!
You are too injured to fight recklessly!
You are too injured to fight recklessly!
Your ring mail prevents you from hitting the orc priest.
The orc priest is almost dead.
You barely miss the orc. You hit the worm. You hit the orc wizard.
You hit the orc.
You kill the orc!
The orc wizard points at you and mumbles some strange words.
The magic dart hits you.
You die...

#####.#. #..........#
#....... #..........#
#.###.## #..........#
#.#..... #(.........#
.#.######
#..........##.#.######
#.............#...>...
#...)ow.....##########
#...o@o.........#
#..........## .#
#.....?....####.#
#.............#.#
########.####.#.# #
#.##.....# #
#.#..#.### # #.##.#.#
# #.##.#.# ######


You could see a worm, an orc priest, an orc wizard and an orc.

Vanquished Creatures
  4 gnolls (D:4)
  5 adders
  3 oozes
  5 worms
  3 dart slugs
  2 leopard geckos (D:3)
  2 orcs (D:4)
  8 bats
  3 giant cockroaches
  10 goblins
  6 hobgoblins
  6 jackals
  A quokka (D:4)
  3 ball pythons
  7 frilled lizards
  11 kobolds
  A quokka skeleton (D:2)
  4 rats
84 creatures vanquished.

Notes
Turn   | Place    | Note
-------+----------+-------------------------------------------
     0 | D:1      | grindst0ne the Demonspawn Gladiator began the quest for the
                  | Orb.
     0 | D:1      | Reached XP level 1. HP: 16/16 MP: 1/1
     2 | D:1      | Noticed a minotaur
     2 | D:1      | Noticed a formicid
     6 | D:1      | Noticed a felid
     8 | D:1      | Noticed a vampire
    10 | D:1      | Noticed a tengu
    10 | D:1      | Noticed a merfolk
    12 | D:1      | Noticed a halfling
    12 | D:1      | Noticed a ghoul
    14 | D:1      | Noticed a demonspawn
    14 | D:1      | Noticed an elf
    16 | D:1      | Noticed a spriggan
    16 | D:1      | Noticed a centaur
    18 | D:1      | Noticed a troll
    18 | D:1      | Noticed a draconian
    20 | D:1      | Noticed a naga
    20 | D:1      | Noticed a vine stalker
    22 | D:1      | Noticed a gargoyle
    22 | D:1      | Noticed an octopode
    24 | D:1      | Noticed an ogre
    24 | D:1      | Noticed a demigod
    26 | D:1      | Noticed a human
    26 | D:1      | Noticed a dwarf
   111 | D:1      | Gained mutation: You are surrounded by a mild repulsion
                  | field. (EV +2) [demonic ancestry]
   111 | D:1      | Reached XP level 2. HP: 19/23 MP: 2/2
  1149 | D:2      | Reached XP level 3. HP: 28/28 MP: 3/3
  2021 | D:2      | Reached XP level 4. HP: 35/35 MP: 4/4
  3429 | D:3      | Reached XP level 5. HP: 41/42 MP: 5/5
  3506 | D:4      | Found a white marble altar of Elyvilon.
  4606 | D:4      | HP: 2/42 [orc priest/divine providence (15)]
  4607 | D:4      | Killed from afar by an orc wizard

Illustrated notes

Levels and vault maps discovered:
D:1:      kb_arrival_jail, layout_loops_ring, chequers_serial_rivers_large_b
D:2:      layout_loops_cross
D:3:      layout_loops_ring
D:4:      layout_basic, elyvilon_altar_1

Skill      XL: |  1  2  3  4  5 |
---------------+----------------+-----
Axes           | 3 4 |  4.4
Fighting       | 3 4 |  4.3
Throwing       | |  1.7
Dodging        | |  2.6

Action                   |  1- 3 |  4- 6 || total
-------------------------+-------+-------++-------
Melee: War axe           |   108 |   195 ||   303
 Stab: Sleeping          |     1 |       ||     1
  Eat: Chunk             |     4 |     7 ||    11
Armor: Leather armour    |    22 |    35 ||    57
       Ring mail         |       |    40 ||    40
Dodge: Dodged            |    84 |   181 ||   265
